 Dungeon Crawl Stone Soup version 0.32-a0-292-g751ec8d2e7 (webtiles) character file.

Game seed: 13214241009135175086

3915 Gargoyl the Cleaver (level 10, -2/70 HPs)
             Began as a Gargoyle Berserker on Feb 14, 2024.
             Was a Priest of Trog.
             Succumbed to barbed spike wounds
             ... on level 8 of the Dungeon.
             The game lasted 00:10:52 (6735 turns).

Gargoyl the Cleaver (Gargoyle Berserker)            Turns: 6735, Time: 00:10:53

Health: -2/70      AC: 14    Str: 27    XL:     10   Next: 20%
Magic:  10/10      EV: 13    Int:  6    God:    Trog [***...]
Gold:   393        SH:  0    Dex: 13    Spells: 9/9 levels left

rFire   . . .        k - +0 war axe
rCold   + . .        (no shield)
rNeg    + . .        l - +0 steam dragon scales
rPois   ∞            m - +0 helmet
rElec   +            (no cloak)
rCorr   .            (no gloves)
SInv    .            (no boots)
Will    ++...        g - amulet of the acrobat
Stlth   ++           d - +6 ring of strength
HPRegen 1.31/turn    p - ring of protection from cold
MPRegen 0.12/turn

%: acrobat
@: strong-willed (expiring), spiked, regenerating (expiring)
A: sickness immunity, AC +7, negative energy resistance 1, electricity
resistance, torment resistance 1, petrification resistance, dopey 1, robust 1,
MP-powered wands
a: Renounce Religion, Berserk, Trog's Hand


You were on level 8 of the Dungeon.
You worshipped Trog.
Trog was most pleased with you.
You visited 1 branch of the dungeon, and saw 8 of its levels.
You also visited: Sewer.

You collected 393 gold pieces.

Inventory:

Hand Weapons
 a - a +0 hand axe
 f - a +0 spear
 k - a +0 war axe (weapon)
 n - a +6 falchion of holy wrath
Missiles
 i - 40 poisoned darts (quivered)
 y - 2 throwing nets
Armour
 l - +0 steam dragon scales (worn)
 m - a +0 helmet (worn)
Jewellery
 d - a +6 ring of strength (left hand)
 g - an amulet of the acrobat (around neck)
 p - a ring of protection from cold (right hand)
 v - a ring of willpower
 x - a +4 ring of protection
Scrolls
 o - a scroll of blinking
 q - 6 scrolls of identify
 s - a scroll of torment
 t - a scroll of noise
 u - a scroll of poison
 w - a scroll of revelation
 A - a scroll of vulnerability
 B - a scroll of summoning {unknown}
Potions
 b - 4 potions of enlightenment
 e - 2 potions of ambrosia {unknown}
 h - a potion of degeneration {unknown}
 j - 3 potions of brilliance {unknown}
 r - a potion of invisibility {unknown}


   Skills:
 + Level 7.8 Fighting
 + Level 3.8 Long Blades
 + Level 9.2 Axes
 + Level 4.6 Armour
 + Level 4.9 Dodging
 + Level 3.3 Stealth


You had 9 spell levels left.
You didn't know any spells.
Your spell library was empty.

Dungeon Overview and Level Annotations

Branches:
Dungeon (8/15)             Temple (0/1) D:5           Sewer (visited)
   Lair: D:8-11

Altars:
Makhleb
Okawaru
Qazlal
Sif Muna


Innate Abilities, Weirdness & Mutations

You are immune to sickness and miasma.
Your stone body is resilient. (AC +7)
You are immune to poison.
You resist negative energy. (rN+)
You are resistant to electric shocks. (rElec)
You are resistant to unholy torment.
You are immune to petrification.
You are dopey. (Int -2)
You are robust. (+10% HP)
You expend magic power (3 MP) to strengthen your wands.


Message History

You closely miss the manticore.
The manticore is lightly wounded.
You carefully extract the barbed spikes from your body.
The manticore bites you! The manticore claws you. The manticore misses you.
You completely miss the manticore.
The manticore is lightly wounded.
You recover from your berserk rage.
The manticore bites you! The manticore barely misses you.
The manticore closely misses you.
You closely miss the manticore.
The manticore is lightly wounded.
You feel the effects of Trog's Hand fading.
The manticore bites you!
* * * LOW HITPOINT WARNING * * *
The manticore barely misses you. The manticore claws you!
* * * LOW HITPOINT WARNING * * *
You feel better.
The manticore looks more healthy.
The manticore misses you. The manticore claws you!
* * * LOW HITPOINT WARNING * * *
The manticore claws you but does no damage.
Okay, then.
Welcome back, Gargoyl the Gargoyle Berserker.
Trog says: Kill them all!
Press ? for a list of commands and other information.
You feel better.
The manticore bites you but does no damage.
The manticore claws you.
* * * LOW HITPOINT WARNING * * *
The manticore claws you!
* * * LOW HITPOINT WARNING * * *
Unknown command.
Blink to where?
Press: ? - help, Dir - move target
As you read the scroll of blinking, it crumbles to dust.
The manticore flicks its tail.
The volley of spikes skewers you.
The barbed spikes become lodged in your body.
* * * LOW HITPOINT WARNING * * *
The barbed spikes dig painfully into your body as you move.
You die...

......# #.. !#. ......#
#.###... ......## #.....#
.. $......##### #.<...#
... .......##..####
#.....#.....
...........:..#
#.....#.?..
.........[...[###.........
#####..........[.......#.#
#...........@....#.#.###.
##$..[..)................
##.#.##....###..........
#.........# #.$........
##.######!# #.[H)...... #.
#.# #.......... #.
#.............#
..........(....≈~≈~
...K...........≈~≈≈


You could see a manticore.

Vanquished Creatures
  Maggie (D:7)
  Prince Ribbit (D:8)
  Sigmund (D:6)
  A wyvern (D:7)
  Eustachio (D:4)
  3 steam dragons
  5 water moccasins
  Duvessa (D:6)
  2 black bears
  An ice beast (D:5)
  3 ogres
  2 kobold brigands
  3 phantoms
  A bullfrog (D:6)
  A scorpion (D:5)
  Dowan (D:6)
  A bombardier beetle (D:5)
  A jelly (D:8)
  A hound (D:5)
  A gnoll bouda (D:7)
  5 orc priests
  A sleepcap (D:6)
  Jessica (D:2)
  3 iguanas
  Natasha (thrice) (D:4)
  4 orc wizards
  5 gnolls (D:7)
  4 adders
  2 river rats
  A shadow imp (D:7)
  2 dart slugs
  2 ribbon worms (D:2)
  34 orcs
  6 ball pythons
  9 endoplasms
  2 giant cockroaches
  3 goblins
  6 hobgoblins
  8 jackals
  6 quokkas
  5 bats
  3 frilled lizards
  18 kobolds
  4 rats (D:3)
169 creatures vanquished.

Notes
Turn   | Place    | Note
-------+----------+-------------------------------------------
     0 | D:1      | Gargoyl the Gargoyle Berserker began the quest for the Orb.
     0 | D:1      | Reached XP level 1. HP: 14/14 MP: 1/1
   106 | D:1      | Reached XP level 2. HP: 17/19 MP: 2/2
   228 | D:1      | Reached skill level 3 in Axes
   431 | D:1      | Reached XP level 3. HP: 24/24 MP: 3/3
  1091 | D:2      | Reached XP level 4. HP: 4/29 MP: 4/4
  1306 | D:2      | Noticed Jessica
  1313 | D:2      | Killed Jessica
  1404 | D:2      | Identified the +8 short sword of Enormous Exoneration
                  | {flame, *Corrode rElec Dex+3}
  1467 | D:2      | Reached ** piety under Trog
  1646 | D:3      | Reached XP level 5. HP: 32/33 MP: 5/5
  1654 | D:3      | Found a glowing drain.
  1661 | Sewer    | Entered a sewer
  1724 | Sewer    | Noticed a kobold brigand
  1741 | Sewer    | Killed a kobold brigand
  1742 | Sewer    | Reached skill level 4 in Axes
  1807 | Sewer    | Found a white marble altar of Elyvilon.
  1908 | D:3      | Reached XP level 6. HP: 39/39 MP: 6/6
  2023 | D:3      | You fall into a shaft and drop 3 floors!
  2201 | D:6      | Noticed a steam dragon
  2218 | D:6      | Killed a steam dragon
  2219 | D:6      | Reached skill level 5 in Axes
  2219 | D:6      | Reached XP level 7. HP: 40/44 MP: 7/7
  2414 | D:6      | Reached skill level 1 in Stealth
  2467 | D:5      | Entered Level 5 of the Dungeon
  2478 | D:5      | Reached skill level 5 in Fighting
  2635 | D:5      | Reached skill level 6 in Axes
  2666 | D:5      | Gained mutation: You are dopey. (Int -2) [potion of
                  | mutation]
  2666 | D:5      | Gained mutation: You are robust. (+10% HP) [potion of
                  | mutation]
  2666 | D:5      | Gained mutation: You expend magic power (3 MP) to
                  | strengthen your wands. [potion of mutation]
  2683 | D:5      | Reached XP level 8. HP: 53/53 MP: 8/8
  2787 | D:5      | Found a staircase to the Ecumenical Temple.
  3054 | D:4      | Found a shimmering blue altar of Sif Muna.
  3058 | D:4      | Found a burning altar of Makhleb.
  3189 | D:3      | Found an iron altar of Okawaru.
  3746 | D:4      | Found a stormy altar of Qazlal.
  3747 | D:4      | Noticed Eustachio
  3754 | D:4      | Reached skill level 7 in Axes
  3767 | D:4      | Killed Eustachio
  3856 | D:4      | Noticed Natasha
  3862 | D:4      | Killed Natasha
  4086 | D:4      | Noticed Natasha
  4092 | D:4      | Killed Natasha
  4158 | D:4      | Noticed Natasha
  4165 | D:4      | Killed Natasha
  4211 | D:5      | Reached skill level 1 in Long Blades
  4211 | D:5      | Reached XP level 9. HP: 59/60 MP: 9/9
  4671 | D:6      | Noticed Duvessa
  4671 | D:6      | Noticed Dowan
  4678 | D:6      | Killed Duvessa
  4688 | D:6      | Killed Dowan
  4791 | D:6      | Noticed Sigmund
  4807 | D:6      | Killed Sigmund
  5337 | D:7      | Noticed Maggie
  5364 | D:7      | Killed Maggie
  5365 | D:7      | Reached skill level 8 in Axes
  5894 | D:7      | Reached XP level 10. HP: 69/69 MP: 10/10
  6098 | D:7      | Reached *** piety under Trog
  6626 | D:8      | Reached skill level 9 in Axes
  6683 | D:8      | Noticed Prince Ribbit
  6688 | D:8      | Killed Prince Ribbit
  6718 | D:8      | Noticed a manticore
  6735 | D:8      | Succumbed to barbed spike wounds

Illustrated notes

Levels and vault maps discovered:
D:1:      heliophobic_arrival_enchanted_forest, layout_basic
D:2:      layout_rooms, uniq_jessica
D:3:      layout_loops_ring, mainiacjoe_overflow_alcove_1,
          mainiacjoe_sewer_entry_somewhere_in_here_1,
          nicolae_elevator_lobby_plus
D:4:      layout_cave_pools, grunt_temple_overflow_open, old_standard_altar,
          uniq_natasha, uniq_eustachio
D:5:      layout_loops_ring, minmay_temple_entry_stoned_glass,
          hangedman_decor_lopped
D:6:      layout_gridville, uniq_sigmund, uniq_duvessa
D:7:      layout_layer_cave, uniq_maggie
D:8:      nicolae_whirlpool, layout_rooms, amcnicky_mini_pool_small,
          uniq_prince_ribbit1

Skill      XL: |  1  2  3  4  5  6  7  8  9 10 |
---------------+-------------------------------+-----
Axes           | 3 4 5 6 7 8 9 |  9.2
Fighting       | 4 5 6 7 |  7.8
Dodging        | 2 3 4 |  4.9
Armour         | 3 4 |  4.6
Stealth        | 1 2 3 |  3.3
Long Blades    | 1 3 |  3.8

Action                     |  1- 3 |  4- 6 |  7- 9 | 10-12 || total
---------------------------+-------+-------+-------+-------++-------
  Melee: Hand axe          |    80 |   128 |   140 |       ||   348
         Falchion          |       |       |    61 |       ||    61
         War axe           |       |       |   138 |    56 ||   194
  Throw: Dart              |       |       |     1 |     2 ||     3
 Invoke: Berserk           |     1 |     4 |    10 |     2 ||    17
         Trog's Hand       |       |     2 |     9 |     1 ||    12
    Use: Scroll            |     1 |     2 |     4 |     3 ||    10
         Potion            |       |       |     3 |     2 ||     5
   Stab: Sleeping          |       |       |     3 |     1 ||     4
 Armour: Animal skin       |    48 |       |       |       ||    48
         Chain mail        |    25 |    84 |       |       ||   109
         Steam dragon scal |       |       |   223 |    42 ||   265
  Dodge: Dodged            |    52 |    88 |   221 |    63 ||   424

Table legend: (Time is in decaauts)
 A = Elapsed time spent in this place.
 B = Non-inter-level travel time spent in this place.
 C = Inter-level travel time spent in this place.
 D = Time resting spent in this place.
 E = Time spent auto-exploring this place.
 F = Levels seen in this place.
 G = Mean time per level.
                   A        B        C        D        E       F      G
               +--------+--------+--------+--------+--------+-----+--------+
         Total |   6958 |   6623 |    335 |    520 |   4330 |   9 |  773.1 |
       Dungeon |   6739 |   6404 |    335 |    480 |   4217 |   8 |  842.4 |
         Sewer |    219 |    219 |      0 |     40 |    113 |   1 |  219.0 |
               +--------+--------+--------+--------+--------+-----+--------+

Top non-repeatable levels by time:
     D:7: 1203 daAuts
     D:6: 1143 daAuts
     D:5: 1082 daAuts
     D:1: 987 daAuts
     D:3: 846 daAuts
     D:2: 659 daAuts
     D:4: 589 daAuts
     D:8: 227 daAuts
   Sewer: 219 daAuts
